 Dungeon Crawl Stone Soup version 0.29-a0-284-gf9362112df (webtiles) character file.

Game seed: 16062305298725619646

212 YayAnonymity the Chopper (level 6, -2/48 HPs)
             Began as a Formicid Fighter on Mar 18, 2022.
             Slain by Pikel
             ... wielding a +1 whip of electrocution
              (4 damage)
             ... on level 3 of the Dungeon.
             The game lasted 00:03:12 (3665 turns).

YayAnonymity the Chopper (Formicid Fighter)         Turns: 3665, Time: 00:03:13

Health: -2/48      AC:  7    Str: 22    XL:     6   Next: 13%
Magic:  6/6        EV:  9    Int:  8    God:
Gold:   91         SH:  4    Dex: 10    Spells: 5/5 levels left

rFire   . . .      SeeInvis +   a - +0 war axe
rCold   . . .      Faith    .   c - +0 buckler
rNeg    . . .      Spirit   .   b - +0 scale mail
rPois   .          Reflect  .   (helmet unavailable)
rElec   .          Harm     .   (no cloak)
rCorr   .          Rampage  .   (no gloves)
Will    .....                   (no boots)
Stlth   ..........              (no amulet)
HPRegen 0.16/turn               (no ring)
MPRegen 0.10/turn               (no ring)

@: mighty
A: permanent stasis, dig shafts and tunnels, antennae 3, four strong arms
a: Dig, Shaft Self


You were on level 3 of the Dungeon.
You visited 1 branch of the dungeon, and saw 4 of its levels.

You collected 91 gold pieces.

Inventory:

Hand Weapons
 a - a +0 war axe (weapon)
Armour
 b - a +0 scale mail (worn)
 c - a +0 buckler (worn)
Scrolls
 e - a scroll of brand weapon {unknown}
 g - 5 scrolls of identify {unknown}
 i - a scroll of vulnerability {unknown}
 j - a scroll of amnesia {unknown}
 o - 2 scrolls of fear {unknown}
 p - a scroll of enchant weapon {unknown}
 q - a scroll of noise {unknown}
 r - a scroll of teleportation {unknown}
Potions
 d - a potion of might
 f - a potion of flight {unknown}
 h - a potion of heal wounds {unknown}
 k - 2 potions of curing {unknown}
 l - a potion of berserk rage {unknown}
 m - a potion of resistance {unknown}
 n - 2 potions of mutation {unknown}


   Skills:
 - Level 4.0 Fighting
 * Level 5.0 Axes
 - Level 4.0 Armour
 - Level 4.0 Shields


You had 5 spell levels left.
You didn't know any spells.
Your spell library contained the following spells:

 Spells                   Type           Power      Damage    Failure   Level
 Magic Dart               Conj           0%         1d3       80%         1
 Ensorcelled Hibernation  Hex/Ice        0%         N/A       90%         2
 Searing Ray              Conj           0%         2d4       90%         2
 Dispel Undead            Necr           0%         3d6       100%        4
 Fulminant Prism          Conj/Hex       0%         3d6       100%        4
 Petrify                  Tmut/Erth      0%         N/A       100%        4
 Metabolic Englaciation   Hex/Ice        0%         N/A       100%        5
 Statue Form              Tmut/Erth      0%         N/A       100%        6
 Death's Door             Necr           0%         N/A       100%        9


Dungeon Overview and Level Annotations

Branches:
Dungeon (4/15)
 Temple: D:4-7

Altars:

Annotations:
D:3 Pikel


Innate Abilities, Weirdness & Mutations

You cannot be hasted, slowed, berserked, paralysed or teleported.
You can dig through walls and to a lower floor.
You have a pair of large antennae on your head. (SInv)
Your four strong arms can wield two-handed weapons with a shield.


Message History

Pikel is lightly wounded.
You slash the lemure! You closely miss the lemure.
Pikel hits you with a +1 whip of electrocution.
The lemure hits you. The lemure hits you! Pikel barely misses you.
The lemure hits you. The lemure hits you but does no damage.
You are too injured to fight recklessly!
You are too injured to fight recklessly!
You are too injured to fight recklessly!
You feel very mighty all of a sudden.
Pikel hits you with a +1 whip of electrocution.
You block the lemure's attack. The lemure hits you.
* * * LOW HITPOINT WARNING * * *
You slice Pikel!!
Pikel is heavily wounded.
You closely miss the lemure. You hit the lemure.
Pikel hits you with a +1 whip of electrocution.
* * * LOW HITPOINT WARNING * * *
The lemure hits you.
* * * LOW HITPOINT WARNING * * *
You block the lemure's attack.
You barely miss Pikel.
Pikel is heavily wounded.
You closely miss the lemure. x2
Pikel hits you with a +1 whip of electrocution.
* * * LOW HITPOINT WARNING * * *
You block the lemure's attack. The lemure hits you.
* * * LOW HITPOINT WARNING * * *
You closely miss Pikel.
Pikel is heavily wounded.
You slash the lemure! You hit the lemure. Pikel closely misses you.
The lemure hits you but does no damage. The lemure hits you.
* * * LOW HITPOINT WARNING * * *
Pikel waves his whip at you. You block Pikel's attack.
The lemure hits you but does no damage. The lemure barely misses you.
You completely miss Pikel.
Pikel is heavily wounded.
You hit the lemure. You slash the lemure!
Pikel hits you with a +1 whip of electrocution.
You die...

#.# #.# #.# #.#
#.# #.### ###.##
#...#### #....#
###.##..
#....###.#.##.#
#........#.##.#
####....###.#.##.#
#@5...............
#K5...............
#.#####.###.######
#)#####+###.......
#.##..........####
#.##..........#
#..'..........#
####..........#
######..........#


You could see Pikel and 2 lemures.

Vanquished Creatures
  An orc priest (D:3)
  Natasha (thrice) (D:2)
  2 adders (D:2)
  3 gnolls (D:3)
  3 orcs (D:3)
  6 ball pythons
  3 bats
  7 endoplasms
  3 giant cockroaches
  7 goblins
  6 hobgoblins
  3 quokkas (D:1)
  3 frilled lizards
  2 kobolds
  5 rats
57 creatures vanquished.

Notes
Turn   | Place    | Note
-------+----------+-------------------------------------------
     0 | D:1      | YayAnonymity the Formicid Fighter began the quest for the
                  | Orb.
     0 | D:1      | Reached XP level 1. HP: 18/18 MP: 1/1
    57 | D:1      | Found a faded altar of an unknown god.
   143 | D:1      | Reached XP level 2. HP: 22/24 MP: 2/2
   634 | D:1      | Reached XP level 3. HP: 25/25 MP: 3/3
  1297 | D:2      | Noticed Natasha
  1302 | D:2      | Killed Natasha
  1303 | D:2      | Reached skill level 3 in Axes
  1303 | D:2      | Reached XP level 4. HP: 22/36 MP: 4/4
  1646 | D:2      | Got Nugit's Reference Book on Congealing Evil Rites
  1753 | D:2      | Noticed Natasha
  1763 | D:2      | Killed Natasha
  1787 | D:2      | Noticed Natasha
  1939 | D:2      | Killed Natasha
  1940 | D:2      | Reached XP level 5. HP: 30/42 MP: 5/5
  2241 | D:2      | Reached skill level 4 in Axes
  3269 | D:3      | Reached XP level 6. HP: 26/48 MP: 6/6
  3655 | D:4      | Noticed Pikel
  3659 | D:3      | Reached skill level 5 in Axes
  3664 | D:3      | HP: 1/48 [lemure[Pikel] (3)]
  3665 | D:3      | Slain by Pikel

Illustrated notes

Levels and vault maps discovered:
D:1:      dpeg_arrival_shrine, layout_loops_ring, serial_rivers,
          chequers_serial_rivers_small_b, chequers_serial_rivers_micro_c,
          chequers_serial_rivers_large_b, chequers_serial_rivers_small_3,
          chequers_serial_rivers_room_a, chequers_ecumenical_altar_island,
          minmay_bisected
D:2:      layout_loops_ring, uniq_natasha
D:3:      layout_basic
D:4:      layout_rooms, minmay_temple_entry_hall, lightli_corner_chamber,
          uniq_pikel

Skill      XL: |  1  2  3  4  5  6 |
---------------+-------------------+-----
Shields        | 4 |  4.0
Axes           | 3 4 5 |  5.0
Fighting       | 4 |  4.0
Armour         | 4 |  4.0

Action                   |  1- 3 |  4- 6 || total
-------------------------+-------+-------++-------
Melee: War axe           |    67 |    96 ||   163
 Abil: Dig               |     1 |       ||     1
  Use: Potion            |       |     1 ||     1
Armor: Scale mail        |    35 |    30 ||    65
Dodge: Dodged            |    32 |    49 ||    81
Block: Buckler           |    25 |    25 ||    50

Table legend: (Time is in decaauts)
 A = Elapsed time spent in this place.
 B = Non-inter-level travel time spent in this place.
 C = Inter-level travel time spent in this place.
 D = Time resting spent in this place.
 E = Time spent auto-exploring this place.
 F = Levels seen in this place.
 G = Mean time per level.
                   A        B        C        D        E       F      G
               +--------+--------+--------+--------+--------+-----+--------+
         Total |   3769 |   3521 |    248 |    250 |   2767 |   4 |  942.2 |
       Dungeon |   3769 |   3521 |    248 |    250 |   2767 |   4 |  942.2 |
               +--------+--------+--------+--------+--------+-----+--------+

Top non-repeatable levels by time:
     D:1: 1604 daAuts
     D:3: 1148 daAuts
     D:2: 1012 daAuts
     D:4: 4 daAuts
